Map: Fields of Shazir

Players

MaRiNeLaND

  • Race: Terran Terran
  • League: Platinum
  • Spawn Location: 3:00

cloudlar

  • Race: Terran Terran
  • Spawn Location: 5:00

Daro

  • Race: Terran Terran
  • League: Master
  • Spawn Location: 3:00

Loken - Winner!

  • Race: Zerg Zerg
  • League: Platinum
  • Spawn Location: 9:00

dallaskuken - Winner!

  • Race: Protoss Protoss
  • League: Platinum
  • Spawn Location: 9:00

TimeTwist - Winner!

  • Race: Zerg Zerg
  • Spawn Location: 7:00

VOD

Have the link to the VOD?

Description

Time

  • Played on: March 22, 2017, 6:49 a.m.
  • Length: 15:33
Show
View Real Time Build Order
Export as new Build Order

MaRiNeLaND Terran 

Build Orders: 1/1/1, Bio Tank 

Get SALT Encoding   

  12  0:01  SCV  
  13  0:13  SCV  
  14  0:18  Supply Depot  
  14  0:25  SCV  
  15  0:30  Refinery  
  15  0:40  SCV  
  16  0:46  Barracks  
  16  0:52  SCV  
  17  1:07  SCV, Barracks  
  18  1:19  SCV  
  19  1:31  SCV  
  20  1:36  Factory  
  20  1:37  Marine  
  21  1:41  Refinery  
  21  1:43  SCV  
  22  1:55  Marine  
  22  1:59  Supply Depot  
  23  2:02  Barracks Tech Lab  
  23  2:08  Orbital Command  
  23  2:20  Marine  
  26  2:28  Starport  
  24  2:31  Marine  
  24  2:33  Widow Mine  
  27  2:38  SCV  
  27  2:41  Marine  
  29  2:49  Supply Depot  
  29  2:51  Marine  
  29  2:56  SCV  
  31  3:10  Widow Mine  
  31  3:11  Marine, Medivac  
  36  3:13  Stimpack  
  36  3:18  Marine  
  37  3:28  Marine  
  38  3:36  Marine  
  38  3:40  Factory Tech Lab  
  39  3:52  Supply Depot  
  39  3:54  Barracks Reactor  
  39  4:02  Marine, Medivac  
  42  4:05  Siege Tank  
  45  4:20  Marine  
  46  4:37  Marine x2, Siege Tank  
  46  4:38  Marine, Medivac  
  53  4:39  SCV  
  55  5:09  Marine x3  
  55  5:10  Siege Tank  
  61  5:20  Command Center  
  61  5:26  Marine  
  61  5:27  Marine  
  63  5:30  Starport Reactor  
  63  5:47  Marine x2  
  63  5:54  Siege Tank  
  60  6:03  Marine  
  61  6:05  Marine  
  62  6:12  Supply Depot  
  62  6:17  Engineering Bay  
  62  6:22  Viking x2  
  62  6:25  Marine x2  
  68  6:26  Combat Shields  
  68  6:35  Marauder  
  68  6:37  Widow Mine  
  72  6:43  SCV  
  72  6:44  SCV  
  74  7:02  Missile Turret  
  74  7:07  Marine  
  74  7:08  Marauder, Marine  
  50  8:03  Siege Tank  
  50  8:04  Marauder, Marine x2  
  50  8:15  Medivac x2  
  50  8:17  SCV x2  
  54  8:22  Marine x2  
  54  8:25  Marauder  
  58  8:29  SCV  
  58  8:30  SCV  
  60  8:35  Siege Tank  
  60  8:39  Marine  
  60  8:40  Marine  
  57  8:46  Marine  
  57  8:48  Medivac x2  
  61  8:57  Marine x2  
  61  8:58  Orbital Command  
  63  9:04  Marine  
  64  9:15  Marine x2  
  66  9:22  Marine  
  57  9:31  Siege Tank  
  57  9:33  Marine x2  
  57  9:34  Terran Infantry Weapons Level 1  
  62  9:40  Marine  
  62  9:41  SCV x2  
  62  9:42  Barracks  
  62  9:44  Refinery  
  62  9:45  Barracks  
  65  9:51  Marine x2  
  67  9:53  SCV x2  
  67  9:57  Marine  
  70  10:05  SCV  
  70  10:06  Siege Tank  
  74  10:08  Marine  
  74  10:09  Marine  
  74  10:10  SCV  
  77  10:15  Marine  
  77  10:17  SCV  
  79  10:22  SCV  
  79  10:26  Marine x2  
  79  10:27  Medivac x2  
  86  10:29  SCV  
  86  10:33  Marine  
  86  10:35  Barracks Reactor x2  
  88  10:41  Refinery  
  88  10:44  Marine x2  
  90  10:51  Marine  
  90  10:52  Missile Turret, Concussive Shells  
  90  10:53  Missile Turret  
  90  10:56  Missile Turret  
  91  11:02  Marine x2  
  93  11:09  Marine  
  93  11:10  Command Center  
  94  11:32  Supply Depot  
  94  11:35  Terran Infantry Armor Level 1  
  94  11:36  Marine x3, Supply Depot  
  94  11:37  Siege Tank  
  100  11:46  Marine  
  101  11:47  Marine  
  101  11:53  Marine x2  
  104  11:54  Marine x3  
  107  12:09  Siege Tank  
  107  12:12  Viking x2, Marine x2  
  107  12:13  Marine x2  
  118  12:20  Supply Depot  
  118  12:21  Marine x3, Supply Depot  
  118  12:22  Supply Depot  
  121  12:24  Supply Depot  
  121  12:29  Marine  
  122  12:41  Siege Tank  
  122  12:42  Viking x2  
  100  12:57  Marine x2  
  102  12:59  Marine x2  
  104  13:12  Viking, Orbital Command  
  106  13:14  SCV x2  
  66  13:58  SCV  
  54  14:06  Marine x7  
  59  14:17  Refinery  
  59  14:20  Widow Mine  
  59  14:22  Viking  
  59  14:23  Marine  
  64  14:24  Marine x6  
  70  14:38  Refinery  
  70  14:41  Marine  
  70  14:42  Marine x6  
  77  14:48  Viking  
  77  14:49  Widow Mine  
  81  14:59  Marine  
  82  15:00  Marine x6  
Show
View Real Time Build Order
Export as new Build Order

cloudlar Terran 

Build Orders:  

Get SALT Encoding   

  12  0:01  SCV  
  13  0:13  SCV  
  14  0:25  SCV  
  15  0:28  Supply Depot  
  15  0:37  Refinery  
  15  0:55  Barracks  
  15  0:57  SCV  
  16  1:09  SCV  
  17  1:21  SCV  
  18  1:33  Command Center  
  18  1:45  Factory  
  18  1:47  Marine  
  19  1:55  SCV  
  20  2:07  SCV  
  21  2:09  Supply Depot  
  21  2:16  Barracks Tech Lab  
  21  2:21  Engineering Bay  
  21  2:23  SCV  
  25  2:44  Siege Tank  
  25  2:56  Refinery  
  25  3:23  Orbital Command  
  25  3:34  Refinery  
  25  3:37  Refinery  
  25  3:43  SCV  
  26  3:51  Barracks Reactor  
  26  3:52  Starport  
  26  3:55  SCV  
  27  4:07  SCV  
  28  4:24  Factory Tech Lab  
  28  4:37  SCV  
  29  4:47  Starport  
  29  4:49  SCV  
  29  4:50  Liberator  
  30  4:55  Fusion Core  
  30  5:03  Barracks Reactor  
  33  5:16  SCV  
  33  5:21  Liberator  
  34  5:28  SCV  
  35  5:36  Liberator x2  
  35  5:40  SCV  
  45  6:15  Advanced Ballistics  
  45  6:26  Supply Depot  
  45  6:27  Supply Depot  
  45  6:30  Liberator x2  
  45  6:49  Supply Depot  
  51  6:54  Armory  
  52  7:01  SCV  
  52  7:04  Liberator  
  52  7:12  Starport  
  52  7:13  SCV  
  56  7:25  SCV  
  56  7:29  Liberator  
  57  7:37  SCV  
  57  7:49  SCV  
  61  8:36  Liberator x3  
  67  9:19  Liberator  
  67  9:34  Orbital Command  
  70  9:56  Liberator  
  70  10:01  Terran Ship Weapons Level 1  
  70  10:09  Command Center  
  73  10:22  Liberator x2  
  79  11:12  Liberator x2  
  79  11:29  Medivac  
  78  11:55  Terran Vehicle And Ship Armor Level 1  
  78  12:01  Viking  
  80  12:12  Viking x2  
  80  12:14  Liberator  
  78  12:42  Liberator  
  81  13:14  Viking x2  
  53  14:02  Viking x3  
  47  14:32  Viking  
Show
View Real Time Build Order
Export as new Build Order

Daro Terran 

Build Orders:  

Get SALT Encoding   

  12  0:09  SCV  
  13  0:21  SCV  
  14  0:31  Supply Depot  
  14  0:36  Refinery  
  14  0:40  SCV  
  15  0:51  Supply Depot  
  15  0:53  SCV  
  16  1:00  Barracks  
  16  1:13  SCV  
  17  1:26  Barracks  
  17  1:29  SCV  
  18  1:34  Refinery  
  18  1:41  SCV  
  19  1:49  Reaper  
  20  1:56  Orbital Command  
  20  2:11  Factory  
  20  2:21  Reaper  
  21  2:31  Engineering Bay  
  21  3:06  Reaper x2  
  21  3:10  SCV  
  21  3:11  Factory Reactor  
  24  3:18  Missile Turret  
  24  3:30  Command Center  
  23  3:45  Barracks Tech Lab  
  23  4:11  Barracks Reactor  
  23  4:14  Cyclone x2  
  23  4:16  SCV  
  30  4:21  Supply Depot  
  30  4:26  Marine  
  30  4:30  Stimpack  
  31  4:32  SCV  
  30  4:42  Terran Infantry Weapons Level 1  
  30  4:44  SCV, Marine  
  32  4:46  Orbital Command  
  32  4:50  Starport  
  32  4:56  SCV  
  33  5:12  Orbital Command  
  33  5:25  Command Center  
  33  5:26  Cyclone x2  
  39  5:28  Marine x2  
  39  5:34  Marine  
  42  5:36  Starport Reactor  
  42  5:42  SCV x2  
  44  5:54  SCV  
  45  6:02  SCV  
  46  6:07  Supply Depot x2  
  46  6:09  Supply Depot  
  46  6:26  Cyclone x2  
  46  6:29  Viking  
  54  6:33  SCV x2  
  56  6:44  Marine x3  
  56  6:45  SCV  
  56  6:46  Medivac  
  62  6:56  Missile Turret  
  62  6:59  Medivac  
  64  7:02  Marine x3  
  64  7:07  Missile Turret  
  67  7:12  SCV x2  
  67  7:14  Refinery  
  67  7:15  Refinery  
  69  7:20  Marine x3  
  72  7:24  SCV x2  
  74  7:30  Viking  
  76  7:37  Marine  
  76  7:38  Marine x2  
  76  7:42  SCV x2  
  81  7:54  SCV x2  
  81  7:55  Marine x3  
  81  7:57  Orbital Command  
  86  8:04  Terran Infantry Armor Level 1  
  86  8:06  SCV  
  86  8:07  SCV  
  88  8:13  Marine x3  
  88  8:19  SCV x2  
  93  8:21  Supply Depot  
  93  8:22  Supply Depot  
  93  8:25  Supply Depot  
  93  8:35  Refinery  
  93  8:37  Refinery  
  93  8:42  SCV x3, Marine x3  
  75  8:48  Viking x2, Supply Depot  
  99  8:54  SCV x3  
  106  9:00  Marine  
  107  9:06  SCV  
  107  9:07  SCV x2  
  110  9:18  SCV, Medivac  
  110  9:19  SCV  
  110  9:24  SCV, Supply Depot  
  115  9:26  Supply Depot  
  115  9:27  Marine x3  
  115  9:31  SCV x2  
  120  9:36  SCV  
  121  9:39  Viking  
  121  9:43  SCV x2  
  125  9:48  SCV, Supply Depot  
  125  9:51  Supply Depot  
  126  9:55  SCV x2  
  128  10:00  SCV  
  129  10:07  SCV x2  
  129  10:08  Barracks x2  
  129  10:11  Barracks  
  129  10:12  SCV, Armory  
  132  10:16  Armory  
  132  10:19  SCV x2, Starport  
  132  10:21  Starport  
  134  10:22  Marine x2  
  134  10:23  Marine  
  134  10:24  SCV  
  138  10:39  SCV  
  138  10:40  SCV x2, Marine x3  
  144  10:53  Supply Depot  
  144  10:54  Supply Depot  
  144  10:56  Marine x2, Supply Depot  
  146  10:58  Marine x3  
  146  10:59  Supply Depot  
  146  11:00  Medivac x2  
  146  11:01  Viking  
  155  11:09  Terran Vehicle And Ship Armor Level 1  
  155  11:10  Terran Ship Weapons Level 1  
  155  11:14  Marine, Hellbat  
  155  11:15  Marine x2, Hellbat  
  155  11:16  Marine x3, Supply Depot  
  155  11:17  Supply Depot  
  165  11:19  Supply Depot  
  165  11:24  Supply Depot  
  165  11:32  Marine  
  166  11:33  Marine x2  
  166  11:34  Marine x3  
  166  11:36  Hellbat  
  125  11:50  Marine  
  125  11:51  Marine x4  
  125  11:52  Marine  
  98  12:01  SCV x2  
  98  12:05  SCV  
  98  12:08  Marine  
  90  12:09  Viking x4, Marine x4  
  90  12:13  SCV x2  
  103  12:17  SCV  
  103  12:18  Marine  
  104  12:25  Terran Infantry Weapons Level 2, SCV x2, Marine  
  104  12:27  Marine x4  
  104  12:29  SCV  
  112  12:36  Marine  
  93  12:37  SCV x2  
  93  12:39  Viking x2  
  93  12:42  Starport Reactor  
  93  12:43  Marine  
  95  12:48  Marine x3  
  88  12:55  Starport Reactor  
  88  12:56  Marine x2  
  88  12:58  SCV x3  
  90  13:01  Marine  
  92  13:07  Terran Ship Weapons Level 2, Terran Vehicle And Ship Armor Level 2  
  92  13:08  Marine  
  92  13:09  Medivac x2  
  92  13:10  SCV  
  97  13:20  Medivac  
  97  13:23  Medivac  
  101  13:27  SCV x2  
  103  13:34  Medivac x2  
  103  13:39  Medivac x2  
  111  13:53  Refinery  
  111  13:56  Marine x2  
  111  13:57  Marine x4  
  111  13:59  Medivac x2  
  121  14:04  Medivac  
  121  14:09  Medivac  
  125  14:14  Marine x4  
  125  14:15  Marine x2  
  129  14:32  Marine x5  
  129  14:33  Marine  
  100  14:50  Marine x6  
  103  14:56  Viking x3  
  81  15:08  Marine x3  
Show
View Real Time Build Order
Export as new Build Order

Loken Zerg - Winner!

Build Orders: Hatch First 

Get SALT Encoding   

  12  0:10  Drone  
  13  0:20  Overlord  
  13  0:21  Drone  
  14  0:39  Drone  
  14  0:40  Drone  
  16  0:47  Drone  
  17  1:00  Drone  
  17  1:01  Hatchery  
  17  1:04  Drone  
  18  1:17  Spawning Pool  
  17  1:21  Drone  
  17  1:25  Extractor  
  17  1:30  Drone  
  18  1:36  Drone  
  19  1:50  Drone  
  20  2:08  Queen  
  20  2:13  Queen  
  20  2:14  Drone  
  20  2:15  Drone x2  
  27  2:26  Overlord  
  27  2:35  Spine Crawler  
  26  2:40  Spine Crawler  
  26  2:42  Spine Crawler  
  24  2:45  Drone x4  
  28  2:56  Drone  
  28  2:57  Drone x2  
  31  3:06  Metabolic Boost  
  31  3:08  Overlord  
  31  3:09  Drone  
  32  3:19  Spine Crawler  
  31  3:25  Queen  
  33  3:27  Spine Crawler  
  33  3:33  Drone  
  33  3:34  Drone x2, Extractor  
  34  3:46  Lair  
  34  3:58  Drone x7  
  41  4:28  Zergling x2  
  41  4:29  Zergling x4  
  41  4:30  Overlord x2  
  41  4:31  Overlord x2  
  44  4:37  Spine Crawler  
  43  4:39  Spine Crawler  
  43  4:41  Spine Crawler x2  
  40  4:46  Spore Crawler  
  39  5:18  Drone, Spore Crawler  
  39  5:19  Drone x11  
  50  5:29  Hatchery  
  49  6:00  Spore Crawler  
  48  6:16  Extractor  
  48  6:17  Extractor  
  46  6:19  Queen  
  48  6:27  Infestation Pit  
  47  6:33  Evolution Chamber, Zergling x2  
  47  6:34  Evolution Chamber, Zergling x30  
  61  7:07  Zerg Melee Weapons Level 1, Zerg Ground Armor Level 1  
  61  7:09  Hive  
  61  7:14  Spire  
  60  7:17  Zergling x2  
  60  7:18  Zergling x14  
  51  7:47  Zergling x14  
  56  7:59  Zergling x2  
  56  8:00  Zergling x18  
  56  8:01  Zergling x2  
  56  8:02  Zergling x6  
  62  8:21  Zergling x2  
  62  8:22  Zergling x8  
  67  8:34  Adrenal Glands  
  58  9:07  Zergling x2  
  58  9:08  Zergling x30  
  58  9:28  Zergling x12  
  63  10:00  Drone  
  63  10:01  Drone x9  
  73  10:14  Zerg Melee Weapons Level 2, Ultralisk Cavern  
  72  10:15  Zerg Ground Armor Level 2  
  72  10:19  Overlord x4  
  72  10:51  Hatchery  
  71  11:07  Hatchery  
  70  11:15  Ultralisk  
  70  11:16  Ultralisk  
  82  11:21  Chitinous Plating  
  77  12:01  Zergling x6  
  75  12:02  Zergling x32  
  75  12:03  Zergling x12  
  95  12:13  Zergling x2  
  95  12:14  Zergling x8  
  65  12:59  Drone  
  65  13:00  Drone x17  
  83  13:48  Ultralisk x3  
  97  14:17  Zergling x22  
  98  14:18  Zergling x24  
  120  14:27  Drone x6  
  120  14:31  Overlord x3  
  126  14:32  Overlord x2  
Show
View Real Time Build Order
Export as new Build Order

dallaskuken Protoss - Winner!

Build Orders:  

Get SALT Encoding   

  12  0:03  Probe (Chrono Boost)  
  13  0:17  Pylon  
  13  0:18  Probe (Chrono Boost)  
  14  0:29  Probe (Chrono Boost)  
  15  0:39  Forge  
  15  0:40  Probe (Chrono Boost)  
  16  0:52  Probe (Chrono Boost)  
  17  0:58  Gateway  
  17  1:06  Pylon  
  17  1:08  Probe (Chrono Boost)  
  18  1:19  Probe (Chrono Boost)  
  19  1:29  Probe (Chrono Boost)  
  20  1:44  Probe (Chrono Boost)  
  20  1:46  Nexus  
  21  1:50  Assimilator  
  21  1:59  Cybernetics Core  
  21  2:02  Probe (Chrono Boost)  
  22  2:13  Probe (Chrono Boost)  
  23  2:16  Assimilator  
  23  2:24  Photon Cannon  
  23  2:28  Photon Cannon  
  23  2:33  Probe (Chrono Boost)  
  24  2:43  Probe (Chrono Boost)  
  25  2:54  Probe (Chrono Boost)  
  25  2:57  Pylon  
  26  2:59  Stalker  
  26  3:04  Probe (Chrono Boost)  
  29  3:14  Probe (Chrono Boost)  
  30  3:20  Probe (Chrono Boost)  
  30  3:25  Probe (Chrono Boost)  
  32  3:30  Probe (Chrono Boost)  
  33  3:35  Probe (Chrono Boost)  
  33  3:39  Stargate  
  35  3:41  Probe (Chrono Boost)  
  35  3:46  Assimilator, Probe (Chrono Boost)  
  36  3:50  Assimilator  
  36  3:52  Probe (Chrono Boost)  
  37  3:56  Probe (Chrono Boost)  
  37  4:02  Probe (Chrono Boost)  
  39  4:03  Pylon  
  39  4:05  Pylon  
  39  4:07  Probe (Chrono Boost)  
  40  4:18  Probe (Chrono Boost)  
  38  4:25  Void Ray  
  38  4:28  Probe (Chrono Boost)  
  42  4:35  Stalker  
  45  4:56  Mothership Core (Chrono Boost)  
  45  5:03  Void Ray  
  45  5:05  Stalker  
  51  5:38  Pylon  
  51  5:39  Pylon  
  51  5:41  Pylon  
  49  5:56  Stalker  
  47  6:14  Pylon  
  47  6:34  Photon Cannon  
  47  6:52  Fleet Beacon  
  47  6:59  Photon Cannon  
  45  7:20  Void Ray  
  47  8:06  Pylon  
  47  8:07  Pylon  
  47  8:10  Carrier  
  29  8:47  Nexus  
  29  9:14  Pylon  
  29  9:17  Pylon  
  29  9:20  Pylon  
  29  9:43  Mothership Core (Chrono Boost), Carrier  
  29  9:44  Gateway  
  31  9:48  Forge  
  37  10:03  Probe (Chrono Boost)  
  45  10:15  Probe (Chrono Boost)  
  46  10:21  Assimilator, Probe (Chrono Boost)  
  46  10:27  Probe (Chrono Boost)  
  47  10:32  Probe (Chrono Boost)  
  48  10:39  Probe (Chrono Boost)  
  48  10:42  Probe (Chrono Boost)  
  50  10:53  Probe (Chrono Boost)  
  51  11:03  Probe (Chrono Boost), Protoss Air Weapons Level 1  
  52  11:05  Carrier  
  58  11:14  Probe (Chrono Boost)  
  59  11:24  Probe (Chrono Boost)  
  60  12:17  Stargate x2  
  60  12:20  Stargate  
  60  12:31  Carrier  
  66  13:10  Carrier  
  66  13:11  Carrier  
  66  13:12  Carrier  
  84  13:22  Pylon  
  84  13:24  Pylon  
  84  13:26  Pylon  
  84  13:28  Pylon  
  84  14:07  Carrier  
Show
View Real Time Build Order
Export as new Build Order

TimeTwist Zerg - Winner!

Build Orders: Hatch First 

Get SALT Encoding   

  12  0:01  Drone  
  13  0:13  Overlord  
  13  0:21  Drone  
  14  0:31  Drone x2  
  14  0:35  Drone  
  17  0:46  Drone  
  18  1:00  Hatchery  
  17  1:14  Spawning Pool  
  17  1:16  Drone  
  17  1:36  Drone x2, Extractor  
  17  1:37  Drone  
  19  1:47  Overlord  
  19  1:58  Drone  
  20  2:13  Queen  
  20  2:14  Hatchery  
  21  2:18  Drone x2  
  23  2:23  Drone  
  23  2:25  Drone  
  25  2:33  Drone  
  26  2:37  Drone  
  27  2:45  Queen  
  29  2:54  Lair  
  28  3:09  Overlord  
  28  3:10  Drone x2  
  30  3:13  Extractor  
  29  3:25  Queen  
  31  3:35  Drone x4  
  31  3:40  Drone x3  
  38  3:57  Roach Warren  
  38  4:01  Drone x2  
  39  4:09  Extractor  
  38  4:11  Drone x3  
  38  4:12  Drone, Extractor  
  41  4:27  Spore Crawler  
  41  4:30  Spore Crawler  
  39  4:42  Roach x5  
  39  4:43  Overlord x2  
  49  4:52  Drone  
  50  4:54  Overlord  
  50  4:55  Overlord  
  50  5:10  Hatchery, Roach x3  
  50  5:11  Roach  
  57  5:23  Queen  
  57  5:25  Drone x2  
  57  5:26  Drone  
  62  5:45  Roach x4  
  62  5:46  Roach  
  62  5:48  Glial Reconstitution  
  72  6:03  Drone x4  
  76  6:05  Drone x3  
  76  6:07  Drone  
  76  6:09  Overseer  
  80  6:19  Overlord x2  
  81  6:25  Drone  
  81  6:33  Drone x4  
  81  6:35  Queen  
  87  6:44  Drone x2  
  87  6:46  Drone  
  87  6:47  Drone x2  
  92  6:51  Spore Crawler  
  91  6:55  Extractor  
  91  6:58  Drone  
  91  7:02  Drone  
  91  7:04  Drone x3  
  91  7:07  Roach  
  91  7:08  Roach x3  
  103  7:22  Ravager  
  104  7:23  Overlord  
  104  7:24  Overlord x2  
  104  7:26  Overlord x2  
  90  7:47  Roach  
  90  7:48  Roach x7  
  90  7:49  Roach x6  
  90  7:50  Roach x2  
  107  7:53  Ravager x3  
  107  7:54  Ravager  
  111  8:05  Drone x2, Extractor  
  100  8:52  Roach x6  
  100  8:53  Roach x7  
  100  8:54  Roach  
  128  8:56  Overseer  
  128  8:57  Overseer  
  128  9:05  Hydralisk Den  
  127  9:10  Evolution Chamber  
  127  9:12  Evolution Chamber  
  122  9:20  Ravager x5  
  122  9:21  Ravager x3  
  122  9:22  Roach x2  
  122  9:23  Roach  
  136  9:24  Overlord x3  
  136  9:41  Hatchery  
  135  9:52  Zerg Ground Armor Level 1  
  135  9:53  Zerg Missile Weapons Level 1  
  135  10:01  Muscular Augments, Hydralisk x2  
  135  10:02  Hydralisk x7  
  135  10:03  Hydralisk x3  
  135  10:05  Overlord x3  
  159  10:25  Spire  
  158  10:49  Drone x6  
  158  11:37  Ravager x3  
  149  11:45  Roach x3  
  149  11:46  Roach  
  90  11:50  Roach x4, Hydralisk  
  90  11:51  Roach x4, Hydralisk x5  
  90  11:52  Hydralisk x4  
  90  11:53  Roach x3, Hydralisk x3  
  90  11:54  Roach x2, Hydralisk  
  129  11:55  Roach  
  137  12:35  Hydralisk x5  
  137  12:36  Hydralisk x3  
  151  12:40  Overlord x4  
  151  12:58  Ravager x5  
  154  12:59  Ravager x5  
  154  13:00  Ravager x4  
  165  13:07  Drone x2  
  165  13:08  Drone x2  
  165  13:11  Extractor x2, Spore Crawler  
  166  13:18  Overseer  
  166  13:24  Drone x2  
  156  13:53  Corruptor x6  
  156  13:54  Corruptor x5  
  156  13:55  Corruptor  
  138  14:26  Infestation Pit  
  131  14:49  Drone x2  
  131  14:50  Drone x2  
Tags
 
Add a new tag
Caveats
  • Supply blocks, unpowered buildings, or Contaminate may cause inaccurate times.
  • Supply counts are checked every 10 seconds.